 Dungeon Crawl Stone Soup version 0.25-a0-44-g29a1220a87 (webtiles) character file.

Game seed: 8367886425398004464, levelgen mode: deterministic

10887 Flugkiller the Thaumaturge (level 11, 0/72 HPs)
             Began as an Octopode Venom Mage on Oct 25, 2019.
             Was an Initiate of Gozag.
             Slain by a six-headed hydra (1 damage)
             ... on level 2 of the Lair of Beasts.
             The game lasted 00:24:44 (12260 turns).

Flugkiller the Thaumaturge (Octopode Venom Mage)   Turns: 12260, Time: 00:24:44

Health: 0/72       AC:  3    Str:  8    XL:     11   Next: 69%
Magic:  14/25      EV: 18    Int: 21    God:    Gozag
Gold:   2134       SH:  5    Dex: 12    Spells: 17/30 levels left

rFire    + . .     SeeInvis .   z - +0 whip (elec)
rCold    . . .     Gourm    .   q - +0 buckler
rNeg     . . .     Faith    .   (helmet restricted)
rPois    +         Spirit   .   x - amulet of the acrobat
rElec    .         Reflect  .   c - ring of poison resistance (curse)
rCorr    .         Harm     .   l - ring of attention (curse)
MR       +....                  B - ring of fire
Stlth    +++.......             C - ring of protection from cold
HPRegen  0.22/turn              (no ring)
MPRegen  0.19/turn              (no ring)
                                (no ring)
                                (no ring)

@: no status effects
A: almost no armour, stealthy swim, amphibious, 8 rings, constrict 8, molten
scales 1, camouflage 1, magic resistance 1, gelatinous body 1
a: Potion Petition, Call Merchant, Bribe Branch, Renounce Religion


You were on level 2 of the Lair of Beasts.
You worshipped Gozag.
Gozag was most pleased with you.
You were hungry.

You visited 2 branches of the dungeon, and saw 12 of its levels.

You collected 2173 gold pieces.
You paid 39 gold pieces to Gozag.

Inventory:

Hand Weapons
 p - a +0 dagger
   (You took it off a goblin on level 3 of the Dungeon)
 z - a +0 whip of electrocution (weapon)
   (You took it off Pikel on level 5 of the Dungeon)
Armour
 q - a +0 buckler (worn)
   (You found it on level 4 of the Dungeon)
Jewellery
 c - a cursed ring of poison resistance (left tentacle)
   (You found it on level 3 of the Dungeon)
 g - an uncursed amulet of rage {unknown}
   (You found it on level 9 of the Dungeon)
 l - a cursed ring of attention (right tentacle)
   (You found it on level 2 of the Dungeon)
 x - an amulet of the acrobat (around mantle)
   (You found it on level 6 of the Dungeon)
 B - a ring of fire (on tentacle)
   (You found it on level 7 of the Dungeon)
 C - a ring of protection from cold (on tentacle)
   (You took it off a centaur on level 7 of the Dungeon)
Scrolls
 e - 2 scrolls of fear
 h - 7 scrolls of teleportation
 i - a scroll of random uselessness {unknown}
 k - 6 scrolls of remove curse
 s - a scroll of fog {unknown}
 t - a scroll of blinking
 u - a scroll of magic mapping
 w - 2 scrolls of immolation {unknown}
 y - a scroll of torment {unknown}
 A - a scroll of enchant weapon {unknown}
 D - a scroll of noise {unknown}
 E - a scroll of acquirement {unknown}
Potions
 a - 2 potions of heal wounds
 b - 6 potions of curing
 f - a potion of ambrosia
 m - a potion of brilliance
 n - 2 potions of flight
 o - a potion of resistance
 r - 2 potions of magic
 v - a potion of lignification
 F - a potion of mutation
Miscellaneous
 j - a phial of floods (inert)
   (You found it on level 9 of the Dungeon)
Comestibles
 d - 12 rations


   Skills:
 - Level 6.0 Fighting
 - Level 4.0 Maces & Flails
 - Level 9.0 Dodging
 - Level 4.0 Stealth
 - Level 4.2 Shields
 - Level 10.0 Spellcasting
 + Level 3.6 Conjurations
 + Level 3.3 Fire Magic
 - Level 8.1 Poison Magic


You had 17 spell levels left.
You knew the following spells:

 Your Spells              Type           Power        Failure   Level  Hunger
a - Sting                 Conj/Pois      ####         1%          1    None
b - Poisonous Vapours     Pois/Air       ####..       1%          2    None
c - Mephitic Cloud        Conj/Pois/Air  ####....     3%          3    None
d - Olgreb's Toxic Radia  Pois           #####...     2%          4    ##.....
e - Ignite Poison         Fire/Tmut/Pois #####...     4%          3    None

Your spell library contained the following spells:

 Spells                   Type           Power        Failure   Level  Hunger
 Throw Frost              Conj/Ice       ###...       4%          2    None
 Freeze                   Ice            ##..         6%          1    None
 Venom Bolt               Conj/Pois      #####.....   16%         5    ####...
 Ozocubu's Armour         Chrm/Ice       ##......     19%         3    None
 Throw Icicle             Conj/Ice       ###.....     30%         4    ##.....
 Fireball                 Conj/Fire      #####.....   38%         5    ####...
 Summon Ice Beast         Ice/Summ       ##......     54%         4    ##.....
 Bolt of Fire             Conj/Fire      #####.....   93%         6    ######.
 Ring of Flames           Chrm/Fire      ####......   100%        7    #######
 Ignition                 Fire           #####.....   100%        8    #######


Dungeon Overview and Level Annotations

Branches:
Dungeon (10/15)            Temple (0/1) D:5            Lair (2/6) D:9
  Swamp: Lair:2-4    Shoals: Lair:2-4     Snake: Lair:2-4    Spider: Lair:2-4
    Orc: D:9-12

Altars:
Ashenzari
Dithmenos
Gozag
Nemelex Xobeh
Okawaru
Trog
Xom
Yredelemnul

Shops:
D:4 [

Annotations:
D:5 Menkaure
D:10 Snorg
Lair:2 exclusion: 2 spiny frogs


Innate Abilities, Weirdness & Mutations

You cannot wear most types of armour.
You are very stealthy in the water. (Stealth+)
You are amphibious.
You can wear up to eight rings at the same time.
You can use your tentacles to constrict eight enemies at once.
Your skin changes colour to match your surroundings (Stealth+).
Your rubbery body absorbs attacks. (AC +1, EV +1)
You are partially covered in molten scales. (AC +2)
You are resistant to hostile enchantments. (MR+)


Message History

You can't see any susceptible monsters within range! (Use Z to cast anyway.) Unknown command.
Casting: Ignite Poison (safe; 4% risk of failure)
Confirm with . or Enter, or press ? or * to list all spells.
Aiming: Mephitic Cloud (safe; 3% risk of failure)
Press: ? - help, Shift-Dir - straight line, f - six-headed hydra
Aim: a six-headed hydra (flame, moderately wounded)
The ball explodes into a vile cloud!
The stinking cloud engulfs the six-headed hydra but does no damage.
The six-headed hydra is moderately wounded.
You hear an angry hiss.
You hear a bellow! x2
The six-headed hydra is engulfed in blazing flames.
Unknown command.
Unknown command.
Casting: Mephitic Cloud (safe; 3% risk of failure)
Confirm with . or Enter, or press ? or * to list all spells.
You feel a surge of power!
You ignite the poison in your surroundings!
The six-headed hydra is engulfed in blazing flames.
The six-headed hydra barely misses you. The six-headed hydra bites you!
The six-headed hydra barely misses you. The six-headed hydra bites you! x3
* * * LOW HITPOINT WARNING * * *
A bullfrog comes into view.
The six-headed hydra is engulfed in blazing flames.
Unknown command.
Found 27 bolts.
Found a stone staircase leading up.
Unknown command.
Evoke which item? (* to show all) (? for menu, Esc to quit)
Aim the phial where?
Press: ? - help, Shift-Dir - straight line, f/p - six-headed hydra
Aim: a six-headed hydra (almost dead)
The torrent of water hits the six-headed hydra!
The six-headed hydra is almost dead.
The wave splashes down.
Floosh!
The water rises up and takes form.
The spiny frog croaks.
You hear a bellow! x2; You hear a roar!
You hear a loud, deep croak! x2
The six-headed hydra bites you.
* * * LOW HITPOINT WARNING * * *
You block the six-headed hydra's attack.
The six-headed hydra bites you!
* * * LOW HITPOINT WARNING * * *
The six-headed hydra bites you!
* * * LOW HITPOINT WARNING * * *
The six-headed hydra bites you!
* * * LOW HITPOINT WARNING * * *
The six-headed hydra bites you.
You die...
Your body crumbles into a pile of gold.

.............
.(##..P.P......<
........#P.....
..P.........F####
.............##.##..#
..........F.°#......#
#........○°.#.....##..
..#....≈≈≈...○#.........
..P....@D≈..○.##.#D.#...
.......≈#≈E...#P.....#..
...................D....
..##..P.................
........................
........................
.............#####.#P##.
...##P.#.##...# ## #P.
.. ##..P..#...# ##.


You could see a six-headed hydra, a spiny frog, a bullfrog and a friendly water
elemental.

Vanquished Creatures
  Pikel (D:5)
  Joseph (D:8)
  3 trolls
  A hornet (D:8)
  Grinder (D:6)
  4 blink frogs (Lair:1)
  25 yaks
  Grum (D:9)
  A human (D:7)
  3 hogs (D:7)
  2 porcupines
  3 water moccasins
  2 orc warriors (D:8)
  2 ice beasts
  2 slaves (D:5)
  A sky beast (D:7)
  An ogre (D:3)
  9 wolves
  A necrophage (D:7)
  A phantom (D:7)
  A centaur (D:7)
  2 crocodiles (Lair:1)
  2 bullfrogs
  3 scorpions
  6 killer bees
  4 howler monkeys
  3 electric eels (D:7)
  3 crimson imps
  3 jellies
  4 hounds
  2 orc priests
  A centaur skeleton (D:4)
  2 bullfrog skeletons
  An iguana (D:9)
  Natasha (thrice) (D:2)
  4 worker ants
  2 hell rats (Lair:1)
  6 orc wizards
  A killer bee zombie (D:7)
  A hound skeleton (D:4)
  A worker ant zombie (D:9)
  4 gnolls (D:6)
  7 river rats (Lair:1)
  6 adders
  3 shadow imps
  An adder skeleton (D:6)
  A worm (D:4)
  A dart slug (D:4)
  3 leopard geckos
  23 orcs
  8 bats
  9 giant cockroaches
  7 goblins
  5 hobgoblins
  A jackal (D:3)
  7 kobolds
  3 quokkas
  2 ball pythons (D:2)
  A ball python zombie (D:5)
  2 frilled lizards
  2 leopard gecko zombies
  A quokka skeleton (D:8)
  6 rats
  A butterfly (Lair:1)
224 creatures vanquished.

Notes
Turn   | Place    | Note
-------+----------+-------------------------------------------
     0 | D:1      | Flugkiller the Octopode Venom Mage began the quest for the
                  | Orb.
     0 | D:1      | Reached XP level 1. HP: 11/11 MP: 3/3
   180 | D:1      | Reached skill level 1 in Fighting
   294 | D:1      | Reached XP level 2. HP: 18/18 MP: 1/5
   435 | D:1      | Learned a level 2 spell: Poisonous Vapours
   692 | D:2      | Found an opulent altar of Gozag.
   831 | D:2      | Reached XP level 3. HP: 18/23 MP: 0/6
  1043 | D:2      | Noticed Natasha
  1051 | D:2      | Killed Natasha
  1051 | D:2      | Reached XP level 4. HP: 24/28 MP: 2/8
  1265 | D:2      | Noticed Natasha
  1269 | D:2      | Killed Natasha
  1269 | D:2      | Reached skill level 3 in Spellcasting
  1284 | D:2      | Noticed Natasha
  1296 | D:2      | Killed Natasha
  1296 | D:2      | Reached skill level 5 in Poison Magic
  1296 | D:2      | Reached XP level 5. HP: 18/33 MP: 1/9
  1424 | D:2      | Became a worshipper of Gozag Ym Sagoz the Greedy
  1520 | D:3      | Found a bloodstained altar of Trog.
  1823 | D:3      | Noticed an ogre
  2085 | D:3      | Killed an ogre
  2085 | D:3      | Reached skill level 4 in Spellcasting
  2085 | D:3      | Reached XP level 6. HP: 28/38 MP: 2/12
  2520 | D:4      | Found Uralorub's Antique Armour Boutique.
  2768 | D:4      | Reached skill level 5 in Spellcasting
  2789 | D:4      | Found a shimmering altar of Xom.
  2815 | D:4      | Reached XP level 7. HP: 22/43 MP: 3/15
  2825 | D:4      | Reached skill level 6 in Spellcasting
  3668 | D:4      | Found a shimmering altar of Xom.
  3668 | D:4      | Found a shimmering altar of Xom.
  3669 | D:4      | Found a shimmering altar of Xom.
  3669 | D:4      | Found a shimmering altar of Xom.
  3920 | D:5      | Entered Level 5 of the Dungeon
  4652 | D:4      | Learned a level 4 spell: Olgreb's Toxic Radiance
  4656 | D:4      | Learned a level 3 spell: Mephitic Cloud
  4693 | D:5      | Found an iron altar of Okawaru.
  4735 | D:5      | Noticed Menkaure
  4805 | D:5      | Found a staircase to the Ecumenical Temple.
  4811 | D:5      | Reached XP level 8. HP: 50/50 MP: 17/17
  5054 | D:5      | Found a shadowy altar of Dithmenos.
  5251 | D:6      | Noticed Grinder
  5586 | D:6      | Killed Grinder
  5745 | D:6      | Noticed a troll
  6192 | D:5      | Noticed Pikel
  6201 | D:5      | Killed Pikel
  6201 | D:5      | Reached skill level 7 in Spellcasting
  6201 | D:5      | Reached XP level 9. HP: 44/54 MP: 3/20
  6689 | D:6      | Killed a troll
  6689 | D:6      | Reached skill level 8 in Spellcasting
  6818 | D:7      | Reached skill level 1 in Shields
  7206 | D:7      | Reached skill level 5 in Dodging
  7986 | D:7      | Reached XP level 10. HP: 44/63 MP: 13/22
  8432 | D:8      | Reached skill level 1 in Maces & Flails
  8592 | D:8      | Noticed Joseph
  8926 | D:8      | Gained mutation: You are partially covered in molten
                  | scales. (AC +2) [potion of mutation]
  8926 | D:8      | Gained mutation: You are resistant to hostile enchantments.
                  | (MR+) [potion of mutation]
  8933 | D:8      | Killed Joseph
  9358 | D:9      | Reached skill level 5 in Fighting
  9534 | D:9      | Found a staircase to the Lair.
  9786 | D:9      | Noticed Grum
  9813 | D:9      | Killed Grum
  9813 | D:9      | Reached skill level 9 in Spellcasting
  9972 | D:9      | Found a sparkling altar of Nemelex Xobeh.
  9975 | D:9      | Found a shattered altar of Ashenzari.
  9977 | D:9      | Found a basalt altar of Yredelemnul.
 10171 | D:10     | Entered Level 10 of the Dungeon
 10172 | D:10     | Noticed Snorg
 10184 | Lair:1   | Entered Level 1 of the Lair of Beasts
 10696 | Lair:1   | Reached XP level 11. HP: 72/72 MP: 17/24
 10786 | Lair:1   | Learned a level 3 spell: Ignite Poison
 11377 | Lair:1   | Reached skill level 10 in Spellcasting
 11656 | Lair:2   | Reached skill level 1 in Fire Magic
 12246 | Lair:2   | Noticed a six-headed hydra
 12260 | Lair:2   | HP: 1/72 [six-headed hydra (16)]
 12260 | Lair:2   | Slain by a six-headed hydra

Levels and vault maps discovered:
D:1:      dpeg_arrival_stone_temple_mockup, layout_loops_ring
D:2:      layout_loops_ring, first_ration, grunt_gozag_statues, uniq_natasha
D:3:      layout_basic, overflow_temple_1_default, serial_bayou_ford_a,
          hangedman_decor_growths, kennysheep_donut,
          minmay_fractal_squares_diagonal_5
D:4:      layout_rooms, xom_redecorated, serial_shops, shop, minmay_ruptured
D:5:      layout_gridville, zin_treasury, kennysheep_okawaru_gauntlet,
          minmay_temple_entry_stoned_glass, basic_altar, uniq_menkaure,
          uniq_pikel
D:6:      layout_loops_corners, uniq_grinder
D:7:      layout_rooms, grunt_livestock, minivault_14
D:8:      layout_cave_pools, uniq_joseph
D:9:      layout_cave_pods, grunt_temple_overflow_open, dpeg_oklobed_lair,
          uniq_grum
D:10:     layout_gridville, minivault_5, minmay_strange_pillars, uniq_psyche,
          uniq_snorg, uniq_erolcha, uniq_harold
Lair:1:   layout_cave_pods, chequers_serial_rivers_room_a, kennysheep_rathole,
          lemuel_fruit_fields, grunt_megastairs_2, lemuel_fruit_tree,
          infiniplex_staircase_pool
Lair:2:   layout_regular_city, gammafunk_ghost_ooze,
          grunt_forest_large_clearing_hut

Skill      XL: |  1  2  3  4  5  6  7  8  9 10 11 |
---------------+----------------------------------+-----
Fighting       | 1 2 4 5 6 |  6.0
Stealth        | 3 4 |  4.0
Poison Magic   | 4 5 8 |  8.1
Spellcasting   | 3 4 5 6 7 8 9 10 | 10.0
Dodging        | 4 6 8 9 |  9.0
Shields        | 4 |  4.2
Maces & Flails | 3 4 |  4.0
Fire Magic     | 3 |  3.3
Conjurations   | 3 |  3.6

Action                   |  1- 3 |  4- 6 |  7- 9 | 10-12 || total
-------------------------+-------+-------+-------+-------++-------
Melee: Unarmed           |     3 |       |     7 |       ||    10
       Constrict         |     1 |     2 |    25 |    21 ||    49
       Tentacles         |     1 |     1 |    34 |    13 ||    49
       Dagger            |       |    11 |    60 |       ||    71
       Whip              |       |       |    85 |   114 ||   199
 Cast: Sting             |    30 |    78 |    65 |    27 ||   200
       Poisonous Vapours |     1 |    11 |    53 |   130 ||   195
       Mephitic Cloud    |       |       |     2 |     3 ||     5
       Olgreb's Toxic Ra |       |       |     4 |    17 ||    21
       Ignite Poison     |       |       |       |     6 ||     6
Evoke: Phial of floods   |       |       |       |     1 ||     1
  Use: Scroll            |       |     1 |     8 |     5 ||    14
       Potion            |       |       |     4 |     3 ||     7
 Stab: Sleeping          |     1 |     1 |     2 |     2 ||     6
       Distracted        |       |     1 |       |       ||     1
  Eat: Chunk             |     1 |     1 |       |       ||     2
       Ration            |       |     1 |     5 |     4 ||    10
Armor: Skin              |     2 |     8 |    14 |     8 ||    32
Dodge: Dodged            |     5 |    38 |   123 |   101 ||   267
Block: Buckler           |       |       |    28 |    32 ||    60

Table legend:
 A = Non-vault XP
 B = Vault XP
 C = Vault XP percentage of total XP
 D = Non-vault monster count
 E = Vault monster count
 F = Vault count percentage of total count
                 A         B        C        D         E       F
            +---------+---------+-------+---------+---------+-------
      Total |   10797 |    4757 |  30.6 |     176 |      45 |  20.4
            +---------+---------+-------+---------+---------+-------
        D:1 |      16 |       0 |   0.0 |       9 |       0 |   0.0
        D:2 |     135 |      35 |  20.6 |      16 |       1 |   5.9
        D:3 |      79 |     135 |  63.1 |      19 |       8 |  29.6
        D:4 |     467 |     137 |  22.7 |      14 |       4 |  22.2
        D:5 |     385 |     621 |  61.7 |      15 |       3 |  16.7
        D:6 |     672 |     267 |  28.4 |      16 |       1 |   5.9
        D:7 |    1275 |     977 |  43.4 |      25 |       5 |  16.7
        D:8 |    1379 |     423 |  23.5 |      25 |       1 |   3.8
        D:9 |    1041 |     662 |  38.9 |       8 |       5 |  38.5
     Lair:1 |    2825 |    1500 |  34.7 |      14 |      17 |  54.8
     Lair:2 |    2523 |       0 |   0.0 |      15 |       0 |   0.0
            +---------+---------+-------+---------+---------+-------
